 Dungeon Crawl Stone Soup version 0.30-a0-591-g3c58d2bc28 (webtiles) character file.

Game seed: 16493649904007498247

863 Dartaoz the Covered (level 7, -2/62 HPs)
             Began as a Minotaur Fighter on Jan 5, 2023.
             Was an Initiate of the Shining One.
             Slain by Duvessa
             ... wielding a +0 short sword
              (6 damage)
             ... on level 5 of the Dungeon.
             The game lasted 00:14:27 (4281 turns).

Dartaoz the Covered (Minotaur Fighter)              Turns: 4281, Time: 00:14:28

Health: -2/62      AC: 11    Str: 20    XL:     7   Next: 72%
Magic:  7/7        EV: 10    Int:  5    God:    the Shining One [......]
Gold:   201        SH:  5    Dex: 12    Spells: 6/6 levels left

rFire   . . .      SeeInvis .    a - +0 long sword
rCold   . . .      Faith    .    c - +0 buckler
rNeg    . . .      Spirit   .    b - +0 scale mail
rPois   .          Reflect  .    (helmet restricted)
rElec   .          Harm     .    w - +0 cloak
rCorr   .          Rampage  .    e - +1 pair of gloves
Will    .....                    (no boots) Stlth
                                 (no amulet)
HPRegen 0.30/turn                (no ring)
MPRegen 0.10/turn                (no ring)

@: glowing
A: horns 2, retaliatory headbutt
a: Renounce Religion


You were on level 5 of the Dungeon.
You worshipped the Shining One.
The Shining One was noncommittal.
You visited 2 branches of the dungeon, and saw 6 of its levels.

You collected 201 gold pieces.

Inventory:

Hand Weapons
 a - a +0 long sword (weapon)
Missiles
 h - 3 curare-tipped darts (quivered)
Armour
 b - a +0 scale mail (worn)
 c - a +0 buckler (worn)
 e - a +1 pair of gloves (worn)
 w - a +0 cloak (worn)
Scrolls
 j - a scroll of immolation {unknown}
 k - a scroll of amnesia {unknown}
 n - a scroll of blinking {unknown}
 p - a scroll of poison {unknown}
 q - 4 scrolls of identify {unknown}
 s - a scroll of teleportation {unknown}
 t - a scroll of enchant weapon {unknown}
 u - a scroll of enchant armour {unknown}
Potions
 d - 2 potions of might
 f - 3 potions of resistance {unknown}
 g - 2 potions of degeneration {unknown}
 i - a potion of brilliance {unknown}
 l - a potion of magic {unknown}
 m - 4 potions of curing
 o - a potion of attraction {unknown}
 r - a potion of heal wounds {unknown}
 v - a potion of lignification {unknown}
 x - a potion of cancellation {unknown}
 z - a potion of flight {unknown}
 A - a potion of haste {unknown}


   Skills:
 + Level 5.6 Fighting
 + Level 5.2 Long Blades
 + Level 5.8 Armour
 + Level 3.9 Dodging
 + Level 5.8 Shields
 + Level 1.7 Invocations


You had 6 spell levels left.
You didn't know any spells.
Your spell library contained the following spells:

 Spells                   Type           Power      Damage    Failure   Level
 Blink                    Tloc           0%         N/A       95%         2
 Momentum Strike          Conj/Tloc      0%         3d8       95%         2
 Lesser Beckoning         Tloc           0%         N/A       99%         3


Dungeon Overview and Level Annotations

Branches:
Dungeon (5/15)             Temple (1/1) D:4

Altars:
Ashenzari
Cheibriados
Elyvilon
Makhleb
Okawaru
Ru
Trog
Uskayaw
Vehumet
Wu Jian
Zin
The Shining One

Shops:
D:4 :

Annotations:
D:4 3 runed translucent doors, brujo666's ghost, amateur DsTm
D:5 Duvessa


Innate Abilities, Weirdness & Mutations

You have a pair of horns on your head.
You reflexively headbutt those who attack you in melee.


Message History

The black bear barely misses you. The black bear misses you.
You block the black bear's attack.
You slash the black bear!
The black bear is almost dead.
The black bear goes berserk!
You slash the black bear!
You kill the black bear!
Duvessa rages.
Duvessa hits you but does no damage. Duvessa hits you with a +0 short sword!
Duvessa attacks as you move away! Duvessa barely misses you.
You hear the slow rusting of a very distant drain.
Duvessa completely misses you. You furiously retaliate!
You headbutt Duvessa. You block Duvessa's attack.
Duvessa attacks as you move away! Duvessa barely misses you.
Duvessa hits you with a +0 short sword. Duvessa hits you with a +0 short sword!
Duvessa attacks as you move away! Duvessa closely misses you.
You hit Duvessa.
Duvessa is lightly wounded.
Duvessa barely misses you. You furiously retaliate!
You headbutt Duvessa! Duvessa hits you with a +0 short sword!
You are too injured to fight recklessly!
You are too injured to fight recklessly!
You hit Duvessa.
Duvessa is heavily wounded.
Duvessa hits you with a +0 short sword!
* * * LOW HITPOINT WARNING * * *
Duvessa hits you but does no damage.
You slash Duvessa! You headbutt Duvessa!
Duvessa is severely wounded.
You block Duvessa's attack. Duvessa hits you with a +0 short sword!
* * * LOW HITPOINT WARNING * * *
You hit Duvessa.
Duvessa is severely wounded.
You block Duvessa's attack.
You closely miss Duvessa.
Duvessa is severely wounded.
Duvessa hits you with a +0 short sword.
You die...

..#### ...... .... #..#
##. #..# .... . #..+
.....
.###########..####......
...............e@.......
.....##....###....##....
.....†...#.###...## #
#.##.##.####_###..#
.....######.#.##.##
.##.## #...#.#..
#.††#####.#...#..# ...
###..#...#..#.##.## ...
........###..###.# ....


You could see Duvessa (berserk).

Vanquished Creatures
  Menkaure (D:5)
  2 black bears
  An ogre (D:5)
  A scorpion (D:4)
  Dowan (D:5)
  A jelly (D:4)
  Crazy Yiuf (D:3)
  2 hounds
  Terence (D:2)
  An iguana (D:5)
  6 gnolls (D:4)
  7 adders
  A worm (D:3)
  A dart slug (D:1)
  3 orcs
  7 bats
  6 endoplasms
  3 giant cockroaches
  10 goblins
  8 hobgoblins
  5 jackals
  4 quokkas
  8 ball pythons
  4 frilled lizards
  7 kobolds
  4 rats
96 creatures vanquished.

Vanquished Creatures (others)
  5 toadstools (D:1)
5 creatures vanquished.

Grand Total: 101 creatures vanquished

Notes
Turn   | Place    | Note
-------+----------+-------------------------------------------
     0 | D:1      | Dartaoz the Minotaur Fighter began the quest for the Orb.
     0 | D:1      | Reached XP level 1. HP: 19/19 MP: 0/0
   291 | D:1      | Reached XP level 2. HP: 27/27 MP: 1/1
   391 | D:1      | Reached skill level 1 in Dodging
   465 | D:1      | Reached XP level 3. HP: 33/33 MP: 2/2
   983 | D:2      | Reached XP level 4. HP: 40/40 MP: 3/3
  1211 | D:2      | Noticed Terence
  1216 | D:2      | Killed Terence
  1991 | D:3      | Reached XP level 5. HP: 47/47 MP: 4/4
  2019 | D:3      | Found a runed translucent door.
  2020 | D:3      | Noticed Crazy Yiuf
  2420 | D:3      | Killed Crazy Yiuf
  2570 | D:4      | Noticed a black bear
  2809 | D:4      | Reached XP level 6. HP: 49/53 MP: 5/5
  2825 | D:4      | Reached skill level 5 in Armour
  2825 | D:4      | Reached skill level 5 in Shields
  2901 | D:4      | Reached skill level 5 in Fighting
  2926 | D:4      | Found a runed translucent gate.
  2926 | D:4      | Identified the +4 ring mail of Piriy {Harm rPois Slay+6}
  2927 | D:4      | Found a runed translucent gate.
  2928 | D:4      | Found a runed translucent gate.
  2928 | D:4      | Noticed brujo666's ghost (amateur DsTm)
  3200 | D:4      | Found a hide-covered altar of Uskayaw.
  3202 | D:4      | Found a staircase to the Ecumenical Temple.
  3217 | Temple   | Entered the Ecumenical Temple
  3421 | Temple   | Became a worshipper of the Shining One
  3660 | D:4      | Found a sacrificial altar of Ru.
  3735 | D:4      | Found Muys's Book Boutique.
  3815 | D:4      | Found a burning altar of Makhleb.
  4074 | D:5      | Entered Level 5 of the Dungeon
  4074 | D:5      | Noticed Dowan
  4075 | D:5      | Noticed Duvessa
  4138 | D:5      | Reached XP level 7. HP: 54/61 MP: 6/6
  4154 | D:5      | Killed Dowan
  4202 | D:5      | Found a bloodstained altar of Trog.
  4236 | D:5      | Reached skill level 1 in Invocations
  4240 | D:5      | Noticed Menkaure
  4250 | D:5      | Killed Menkaure
  4251 | D:5      | Reached skill level 5 in Long Blades
  4279 | D:5      | HP: 3/62 [Duvessa/+0 short sword (8)]
  4281 | D:5      | Slain by Duvessa

Illustrated notes

Levels and vault maps discovered:
D:1:      ldierk_walled_garden, layout_basic
D:2:      layout_loops_cross, serial_glass, glass_columns_b, glass_columns_c,
          minmay_misc_feat_more_columns, hex_medium, uniq_terence
D:3:      layout_basic, serial_curves, eino_curves_02, eino_curves_04,
          kennysheep_cross_room, uniq_crazy_yiuf_cottage
D:4:      layout_basic, eat_drink_and_be_merry_uskayaw, bloody_makhleb,
          nicolae_ru_path_of_blood, minmay_temple_entry_trees,
          biasface_ghost_orc_armoury, serial_shops, kennysheep_mini
D:5:      corexii_shack_village, layout_cave_pools, doesnt_xom_only_xom,
          fedhas_altar_decomposition, marbit_many_paths,
          nemelex_xobeh_ov_fountains_minmay, cheibrodos_sewer_entry_bend,
          uniq_menkaure, uniq_duvessa, uniq_edmund
Temple:   hellmonk_temple_flake

Skill      XL: |  1  2  3  4  5  6  7 |
---------------+----------------------+-----
Dodging        | 1 2 3 |  3.9
Armour         | 4 5 |  5.8
Shields        | 4 5 |  5.8
Fighting       | 4 5 |  5.6
Long Blades    | 3 4 5 |  5.2
Invocations    | 1 |  1.7

Action                   |  1- 3 |  4- 6 |  7- 9 || total
-------------------------+-------+-------+-------++-------
Melee: Long sword        |    80 |   153 |    40 ||   273
       Headbutt          |     5 |    25 |     6 ||    36
Armor: Scale mail        |    48 |    74 |    22 ||   144
Dodge: Dodged            |    35 |    66 |    28 ||   129
Block: Buckler           |    17 |    31 |    13 ||    61

Table legend: (Time is in decaauts)
 A = Elapsed time spent in this place.
 B = Non-inter-level travel time spent in this place.
 C = Inter-level travel time spent in this place.
 D = Time resting spent in this place.
 E = Time spent auto-exploring this place.
 F = Levels seen in this place.
 G = Mean time per level.
                   A        B        C        D        E       F      G
               +--------+--------+--------+--------+--------+-----+--------+
         Total |   4350 |   4177 |    173 |    458 |   2915 |   6 |  725.0 |
       Dungeon |   4031 |   3858 |    173 |    358 |   2781 |   5 |  806.2 |
        Temple |    319 |    319 |      0 |    100 |    134 |   1 |  319.0 |
               +--------+--------+--------+--------+--------+-----+--------+

Top non-repeatable levels by time:
     D:4: 1159 daAuts
     D:3: 1112 daAuts
     D:1: 887 daAuts
     D:2: 703 daAuts
  Temple: 319 daAuts
     D:5: 168 daAuts
